 Dungeon Crawl Stone Soup version 0.32-a0-841-g4648e6c457 (webtiles) character file.

Game seed: 16958466598943500209

22920 BubbleThief the Brawler (level 12, 0/123 HPs)
             Began as a Troll Fighter on Mar 25, 2024.
             Was a Priest of Makhleb.
             Slain by a two-headed ogre
             ... wielding a +0 giant club
              (25 damage)
             ... on level 10 of the Dungeon on Mar 26, 2024.
             The game lasted 00:20:20 (7852 turns).

BubbleThief the Brawler (Troll Fighter)             Turns: 7852, Time: 00:20:22

Health: 0/123      AC: 10    Str: 27    XL:     12   Next: 67%
Magic:  11/11      EV:  8    Int:  4    God:    Makhleb [***...]
Gold:   785        SH:  8    Dex: 13    Spells: 11/11 levels left

rFire   + .          .
                       - Unarmed
rCold   . . .        b - +0 kite shield
rNeg    . . .        H - +1 steam dragon scales
rPois   +            (helmet restricted)
rElec   .            K - +1 cloak {rPois}
rCorr   +            (gloves unavailable)
SInv    .            (boots unavailable)
Will    .....        (no amulet)
Stlth   +            j - ring of protection from fire
HPRegen 1.20/turn    w - ring of resist corrosion
MPRegen 0.12/turn

%: no passive effects
@: on berserk cooldown, slowed, very slow
A: large, unfitting armour, claws 3, regeneration 1, shaggy fur 1, tough skin 1
a: Renounce Religion, Minor Destruction, Lesser Servant of Makhleb


You were on level 10 of the Dungeon.
You worshipped Makhleb.
Makhleb was most pleased with you.
You visited 2 branches of the dungeon, and saw 11 of its levels.
You also visited: Ossuary and Bailey.

You collected 785 gold pieces.

Inventory:

Armour
 b - a +0 kite shield (worn)
 E - a scarf of repulsion
 H - +1 steam dragon scales (worn)
 K - a +1 cloak of poison resistance (worn)
Jewellery
 e - a ring of fire
 j - a ring of protection from fire (left claw)
 w - a ring of resist corrosion (right claw)
 J - a ring of magical power
Talismans
 g - a blade talisman
 k - a beast talisman
 C - a maw talisman
Wands
 l - a wand of flame (17)
 r - a wand of digging (6)
 D - a wand of polymorph (11)
 O - a wand of acid (2)
Scrolls
 f - a scroll of identify
 h - 4 scrolls of teleportation
 o - 3 scrolls of enchant armour
 t - a scroll of silence
 v - a scroll of poison
 A - 2 scrolls of enchant weapon {unknown}
 B - 3 scrolls of fog {unknown}
 F - a scroll of torment {unknown}
 G - a scroll of fear {unknown}
 M - a scroll of blinking {unknown}
 N - 2 scrolls of acquirement {unknown}
Potions
 a - 5 potions of heal wounds
 c - 5 potions of might
 d - 3 potions of haste
 i - 2 potions of magic
 m - 5 potions of mutation
 n - 6 potions of invisibility
 p - a potion of berserk rage
 q - 3 potions of curing
 s - a potion of resistance
 u - 2 potions of lignification
 x - a potion of cancellation {unknown}
 I - a potion of brilliance {unknown}
 L - a potion of degeneration {unknown}


   Skills:
 - Level 9.0 Fighting
 - Level 2.4 Dodging
 - Level 4.2 Shields
 + Level 17.2 Unarmed Combat


You had 11 spell levels left.
You didn't know any spells.
Your spell library contained the following spells:

 Spells                   Type           Power      Damage    Failure   Level
 Slow                     Hex            0%         N/A       73%         1
 Confusing Touch          Hex            0%         N/A       97%         3
 Tukima's Dance           Hex            0%         N/A       97%         3
 Vampiric Draining        Necr           0%         2d6       97%         3
 Cause Fear               Hex            0%         N/A       100%        4
 Dimensional Bullseye     Hex/Tloc       0%         N/A       100%        4
 Iskenderun's Mystic Bla  Conj/Tloc      0%         2d3       100%        4
 Olgreb's Toxic Radiance  Alch           0%         N/A       100%        4
 Fireball                 Conj/Fire      0%         3d3       100%        5
 Iskenderun's Battlesphe  Conj           0%         2d6       100%        5
 Bombard                  Conj/Erth      0%         9d1       100%        6
 Ozocubu's Refrigeration  Ice            0%         4d7       100%        7
 Spellforged Servitor     Conj/Summ      0%         N/A       100%        7
 Discord                  Hex            0%         N/A       100%        8
 Dragon's Call            Summ           0%         N/A       100%        9


Dungeon Overview and Level Annotations

Branches:
Dungeon (10/15)            Temple (1/1) D:6            Lair (0/5) D:8
Ossuary (visited)          Bailey (visited)
    Orc: D:9-12

Altars:
Ashenzari
Cheibriados
Dithmenos
Elyvilon
Fedhas
Gozag
Hepliaklqana
Kikubaaqudgha
Makhleb
Nemelex Xobeh
Okawaru
Qazlal
Ru
Sif Muna
Trog
Uskayaw
Vehumet
Wu Jian
Xom
Yredelemnul
Zin
The Shining One


Innate Abilities, Weirdness & Mutations

You are too large for most types of armour.
You have claws for hands.
Your natural rate of healing is unusually fast.
You are covered in fur. (AC +1)
You have tough skin. (AC +1)


Message History

The kobold brigand throws a poisoned dart.
The poisoned dart completely misses you.
An ogre mage comes into view. It is wielding a +0 club.
You block the ogre mage's attack.
A two-headed ogre comes into view.
It is wielding a +0 giant club and a +0 giant spiked club.
Your Unarmed Combat skill increases to level 17!
Unknown command.
You mangle the ogre mage!!
The ogre mage is heavily wounded.
You hear a shout!
Unknown command.
You closely miss the ogre mage.
The ogre mage is heavily wounded.
The ogre mage barely misses you.
Unknown command.
You completely miss the ogre mage.
The ogre mage is heavily wounded.
The ogre mage casts a spell at something.
Unknown command.
You barely miss the ogre mage.
The ogre mage is heavily wounded.
The ogre mage hits you with a +0 club.
* * * LOW HITPOINT WARNING * * *
Unknown command.
You mangle the ogre mage!!
The ogre mage is almost dead.
The ogre mage gestures at you while chanting.
The bolt of magma hits you! You partially resist.
* * * LOW HITPOINT WARNING * * *
Unknown command.
You mangle the ogre mage!!
You kill the ogre mage!
Makhleb accepts your kill.
Unknown command.
You claw the two-headed ogre!
The two-headed ogre is lightly wounded.
You block the two-headed ogre's attack. x2
The two-headed ogre barely misses you.
The two-headed ogre hits you with a +0 giant spiked club!!
You die...

##.#.#.#.## ###.#
#<.........
.....###.#.#.###.
#..............
##.####.#.#.#...
#..# #..........
#..####.#.#.#...
#####.##......#....
#.@....##...###....
#O####.###### ##...
#K...#...#### #...
##.#.###....# #...
K# ..#.##.####...
## .#.#........#
#.#.#.####.#
..#.#...##.#
#######.##.#


You could see a two-headed ogre (fast) and a kobold brigand.

Vanquished Creatures
  A yaktaur captain (D:10)
  An ogre mage (D:10)
  2 two-headed ogres (D:9)
  A tengu warrior (D:10)
  An orc knight (Bailey)
  Maurice (D:8)
  Joseph (D:10)
  2 gargoyles
  A komodo dragon (D:8)
  2 hornets
  A wyvern (D:7)
  A shadow (D:7)
  2 wraiths
  22 yaks
  A vampire mosquito (D:7)
  4 steam dragons
  2 water moccasins
  2 ice beasts
  An orc warrior (D:8)
  3 black bears
  An ogre (D:5)
  3 centaurs
  3 phantoms
  3 kobold brigands (D:7)
  2 scorpions
  4 bullfrogs
  3 gnoll sergeants
  A wight (D:7)
  9 killer bees
  3 howler monkeys
  A bombardier beetle (D:5)
  3 hounds
  3 jellies
  An orc priest (D:8)
  2 iguanas (D:7)
  Natasha (thrice) (D:2)
  An orc wizard (D:6)
  3 sleepcaps
  A hound zombie (Ossuary)
  3 hound skeletons (D:4)
  4 mummies (Ossuary)
  27 gnolls
  10 adders
  2 shadow imps (D:7)
  2 white imps (D:7)
  2 adder skeletons (D:4)
  3 adder zombies
  3 ribbon worms
  28 orcs
  12 ball pythons
  5 bats
  7 endoplasms
  2 giant cockroaches (D:2)
  2 gnoll zombies (Ossuary)
  11 goblins
  11 hobgoblins
  A jackal (D:4)
  14 kobolds
  4 quokkas
  A frilled lizard (D:2)
  A goblin zombie (Ossuary)
  A hobgoblin zombie (Ossuary)
  2 jackal zombies (Ossuary)
  3 orc zombies (Ossuary)
  4 rats
267 creatures vanquished.

Vanquished Creatures (others)
  An orc wizard (D:10)
1 creature vanquished.

Grand Total: 268 creatures vanquished

Notes
Turn   | Place    | Note
-------+----------+-------------------------------------------
     0 | D:1      | BubbleThief the Troll Fighter began the quest for the Orb.
     0 | D:1      | Reached XP level 1. HP: 22/22 MP: 0/0
    12 | D:1      | Found a faded altar of an unknown god.
   205 | D:1      | Reached XP level 2. HP: 29/29 MP: 1/1
   230 | D:1      | Reached skill level 3 in Unarmed Combat
   610 | D:2      | Reached XP level 3. HP: 27/36 MP: 2/2
   862 | D:2      | Noticed Natasha
   866 | D:2      | Killed Natasha
   867 | D:2      | Reached skill level 4 in Unarmed Combat
   867 | D:2      | Reached XP level 4. HP: 44/44 MP: 3/3
  1021 | D:2      | Noticed Natasha
  1036 | D:2      | Killed Natasha
  1133 | D:2      | Noticed Natasha
  1138 | D:2      | Killed Natasha
  1139 | D:2      | Reached skill level 5 in Unarmed Combat
  1252 | D:3      | Reached XP level 5. HP: 50/50 MP: 4/4
  1327 | D:3      | Found a basalt altar of Yredelemnul.
  1330 | D:3      | Found a shimmering blue altar of Sif Muna.
  1816 | D:4      | Identified the +0 robe of Darkness {Str+3 Dex+4}
  2030 | D:4      | Reached skill level 6 in Unarmed Combat
  2054 | D:4      | Noticed a black bear
  2058 | D:4      | Killed a black bear
  2059 | D:4      | Reached XP level 6. HP: 57/59 MP: 5/5
  2072 | D:4      | Found a sand-covered staircase.
  2092 | Ossuary  | Entered an ossuary
  2121 | Ossuary  | Reached skill level 7 in Unarmed Combat
  2407 | D:4      | Found a shadowy altar of Dithmenos.
  2624 | D:4      | Noticed an ice beast
  2626 | D:4      | Reached XP level 7. HP: 40/66 MP: 6/6
  2636 | D:4      | Reached skill level 8 in Unarmed Combat
  2826 | D:5      | Entered Level 5 of the Dungeon
  2860 | D:5      | Found a glowing silver altar of Zin.
  2958 | D:5      | Found a hazy altar of Hepliaklqana.
  2979 | D:5      | Found an iron altar of Okawaru.
  2981 | D:5      | Found a snail-covered altar of Cheibriados.
  3245 | D:5      | Reached skill level 9 in Unarmed Combat
  3287 | D:5      | Found a bloodstained altar of Trog.
  3319 | D:5      | Reached XP level 8. HP: 65/75 MP: 7/7
  3430 | D:5      | Found an opulent altar of Gozag.
  3946 | D:6      | Found a staircase to the Ecumenical Temple.
  3957 | Temple   | Entered the Ecumenical Temple
  3968 | Temple   | Became a worshipper of Makhleb the Destroyer
  4445 | D:7      | Reached skill level 10 in Unarmed Combat
  4577 | D:7      | Noticed a gargoyle
  4603 | D:7      | Reached skill level 5 in Fighting
  4603 | D:7      | Reached XP level 9. HP: 77/88 MP: 8/8
  4608 | D:7      | Killed a gargoyle
  4776 | D:7      | Reached * piety under Makhleb
  4877 | D:7      | Reached skill level 11 in Unarmed Combat
  5155 | D:7      | Paralysed by a hornet for 3 turns
  5700 | D:8      | Reached XP level 10. HP: 95/102 MP: 9/9
  5719 | D:8      | Reached skill level 12 in Unarmed Combat
  5874 | D:8      | Reached ** piety under Makhleb
  5940 | D:8      | Found a flagged portal.
  5958 | Bailey   | Entered a bailey
  6218 | Bailey   | Noticed an orc knight
  6229 | Bailey   | Killed an orc knight
  6522 | D:8      | Found a staircase to the Lair.
  6528 | D:8      | Identified the +1 robe of the Gusle {^Contam +Blink Regen+
                  | Stlth+}
  6529 | D:8      | Upgraded the game from 0.32-a0-834-geaf45d8e21 to
                  | 0.32-a0-841-g4648e6c457
  6721 | D:8      | Noticed Maurice
  6737 | D:8      | Maurice stole a ring of magical power
  6740 | D:8      | Killed Maurice
  6741 | D:8      | Reached skill level 13 in Unarmed Combat
  6790 | D:8      | Reached XP level 11. HP: 96/115 MP: 10/10
  6924 | D:9      | Reached *** piety under Makhleb
  6948 | D:9      | Noticed a two-headed ogre
  6962 | D:9      | Killed a two-headed ogre
  7103 | D:9      | Found a white marble altar of Elyvilon.
  7241 | D:9      | Found a broken altar of Ashenzari.
  7254 | D:9      | Noticed a two-headed ogre
  7265 | D:9      | Killed a two-headed ogre
  7266 | D:9      | Reached skill level 14 in Unarmed Combat
  7424 | D:10     | Entered Level 10 of the Dungeon
  7424 | D:10     | Noticed Joseph
  7526 | D:10     | Killed Joseph
  7718 | D:10     | Found a stormy altar of Qazlal.
  7807 | D:10     | Noticed a yaktaur captain
  7821 | D:10     | Noticed a tengu warrior
  7829 | D:10     | Killed a yaktaur captain
  7830 | D:10     | Reached skill level 15 in Unarmed Combat
  7836 | D:10     | Reached skill level 16 in Unarmed Combat
  7836 | D:10     | Reached XP level 12. HP: 45/123 MP: 11/11
  7841 | D:10     | HP: 5/123 [tengu warrior/+1 vampiric war axe (5)]
  7845 | D:10     | Killed a tengu warrior
  7845 | D:10     | Noticed an ogre mage
  7845 | D:10     | Noticed a two-headed ogre
  7846 | D:10     | Reached skill level 17 in Unarmed Combat
  7851 | D:10     | Killed an ogre mage
  7852 | D:10     | Slain by a two-headed ogre

Illustrated notes

Levels and vault maps discovered:
D:1:      dpeg_arrival_houses_and_road, layout_basic,
          chequers_ecumenical_altar_island
D:2:      layout_loops_ring, uniq_natasha
D:3:      layout_basic, jmf_multi_god_temple
D:4:      cheibrodos_barr_body, layout_basic, nicolae_dithmenos_shadow_blocks,
          mainiacjoe_ossuary_entry_find_the_door,
          nicolae_concentric_dashed_squares_wild
D:5:      layout_loops_ring, pdpol_temple_overflow_zin_treasury_gozag_greed,
          worldfamousw_hep_ancestral_shrine, mainiacjoe_overflow_catwalk_spiral,
          mainiacjoe_overflow_paths, hangedman_abyss_or_decor_stagger
D:6:      layout_gridville, minmay_temple_entry_statues_fountains, st_stairs_3,
          corexii_leaking_fountain, chequers_serial_rivers_room_a,
          nicolae_nh_ransacked_shop
D:7:      minmay_the_grid_octo_triangle [minmay_the_grid_octo_focus,
          minmay_the_grid_octo_prize_ultimate_mussel_roller,
          minmay_the_grid_octo_odd_swirl], layout_cave_pods
D:8:      layout_basic, grunt_lair_entry_orc_guard_hut, enter_bailey_3,
          kennysheep_minor_cross, uniq_maurice
D:9:      layout_roguey, evilmike_ruin_ashenzari,
          mainiacjoe_overflow_surrounded_room
D:10:     layout_rooms, mainiacjoe_overflow_cross_hatched, st_stairs_8,
          nicolae_doodle_vault, uniq_joseph
Temple:   chequers_temple_sunken

Skill      XL: |  1  2  3  4  5  6  7  8  9 10 11 12 |
---------------+-------------------------------------+-----
Unarmed Combat | 3 4 5 6 7 9 10 11 13 16 17 | 17.2
Shields        | 3 4 |  4.2
Fighting       | 3 5 7 9 |  9.0
Dodging        | |  2.4

Action                     |  1- 3 |  4- 6 |  7- 9 | 10-12 || total
---------------------------+-------+-------+-------+-------++-------
  Melee: Unarmed           |   105 |   194 |   200 |   292 ||   791
  Throw: Throwing net      |       |       |       |     3 ||     3
    Use: Scroll            |       |       |    10 |     8 ||    18
         Potion            |       |       |     1 |     5 ||     6
   Stab: Sleeping          |       |     2 |     1 |     2 ||     5
 Armour: Robe              |    52 |   104 |   102 |    98 ||   356
         Steam dragon scal |       |       |       |    82 ||    82
  Dodge: Dodged            |    28 |    46 |    40 |    81 ||   195
  Block: Kite shield       |    30 |    85 |    77 |   108 ||   300
   Form: Beast             |     1 |       |       |       ||     1
                           |       |       |       |     1 ||     1

Table legend: (Time is in decaauts)
 A = Elapsed time spent in this place.
 B = Non-inter-level travel time spent in this place.
 C = Inter-level travel time spent in this place.
 D = Time resting spent in this place.
 E = Time spent auto-exploring this place.
 F = Levels seen in this place.
 G = Mean time per level.
                   A        B        C        D        E       F      G
               +--------+--------+--------+--------+--------+-----+--------+
         Total |   7824 |   7505 |    319 |    111 |   5256 |  13 |  601.8 |
       Dungeon |   7177 |   6867 |    310 |     81 |   4925 |  10 |  717.7 |
        Temple |     21 |     12 |      9 |      0 |      0 |   1 |   21.0 |
       Ossuary |    210 |    210 |      0 |      0 |    127 |   1 |  210.0 |
        Bailey |    415 |    415 |      0 |     29 |    204 |   1 |  415.0 |
               +--------+--------+--------+--------+--------+-----+--------+

Top non-repeatable levels by time:
     D:7: 1241 daAuts
     D:8: 917 daAuts
     D:5: 831 daAuts
     D:4: 813 daAuts
     D:2: 684 daAuts
     D:3: 623 daAuts
     D:6: 601 daAuts
     D:9: 567 daAuts
     D:1: 500 daAuts
  Bailey: 415 daAuts
    D:10: 396 daAuts
 Ossuary: 210 daAuts
  Temple: 21 daAuts
